Unix NetHack Version 5.0.0-0 post-release - last build Jul 19 2026 19:10:59 (3aa4ab31751d3886436d94b585a96704892fd477,branch:main).

Game began 2026-07-25 10:45:31, ended 2026-07-25 12:09:01.

Eymerich, chaotic male elven Priest

                                                             --------------
                                                            #|........<..[|
                                                            #|............|
                                 -------------     ##########-............|
                                 |C.........C|     ###%      |............|
                                 |.....C.....|#   ##         ------------|-
         ------------            |...--.--....#####                     ##
         |..........| ###########-...| {.|...|#                         ##
         |.......^..|##          |..C|{.{|C..|                  ##########
         |........>.|#           |...|.{.|...|                 ##       #
         |......@h...###########o|...-----...|             ----.-      -.----
         |..........|  #        #|.....C.....|             |....|      |....|
         ------------           #|C.........C|             |....|      |....|
                                #-------------             |....|   ###-....|
                               ###                         -....-####  |....|
                                                           ------      ------

Eymerich the Adept           St:14 Dx:14 Co:12 In:8 Wi:20 Ch:10  Chaotic
Dlvl:8  $:365 HP:0(48) Pw:125(140) AC:2  Xp:7 T:5264 

Latest messages:
 The dwarf lady swings her broad pick.
 The dwarf lady hits again!
 You hit the black naga hatchling.
 You hit the black naga hatchling.
 The black naga hatchling bites!
 You sense the presence of monsters.
 (For instructions type a '?')
 In what direction?
 You feel better.
 In what direction?
 You feel better.
 What do you want to throw? [$atEP-R or ?*]
 In what direction?
 The thonged club hits the black naga hatchling.
 The thonged club returns to your hand!
 What do you want to throw? [$atEP-R or ?*]
 In what direction?
 The thonged club hits the black naga hatchling.
 The thonged club returns to your hand!
 What do you want to throw? [$atEP-R or ?*]
 In what direction?
 You kill the black naga hatchling!
 Your tethered thonged club snaps back but the tether slips from your arm.
 You see here a black naga hatchling corpse.
 There is a black naga hatchling corpse here; eat it? [ynq] (n)
 You have a very bad case of stomach acid.
 You stop eating the black naga hatchling corpse.
 Pick a monster, object or location.
 You begin bashing monsters with your bare hands.
 You miss the dwarf lady.
 You miss the dwarf lady.
 You hit the dwarf lady.
 a - a blessed +1 mace (weapon in right hand).
 You have no secondary weapon readied.
 The dwarf lady swings her broad pick.
 The dwarf lady hits!
 The dwarf lady swings her broad pick.
 The dwarf lady hits again!
 You hit the dwarf lady.
 You hit the dwarf lady!
 You miss the dwarf lady.
 You miss the dwarf lady.
 The dwarf lady swings her broad pick.
 The dwarf lady hits!
 The dwarf lady swings her broad pick.
 The dwarf lady hits again!
 You die...
 Do you want your possessions identified? [ynq] (y)
 Do you want to see your attributes? [ynq] (y)
 Do you want an account of creatures vanquished? [ynaq] (y)

Inventory:
 Coins    ('$')
  $ - 365 gold pieces
 Weapons  (')')
  P - 7 cursed +0 crossbow bolts
  Q - a +0 elven dagger
  R - a +0 orcish dagger (at the ready)
  t - a +0 aklys
  a - a blessed +1 mace (weapon in right hand)
  E - a +0 scimitar
 Armor    ('[')
  y - a +0 helm of brilliance (being worn)
  C - a +0 pair of speed boots (being worn)
  b - a +0 robe
  r - a blessed +3 studded leather armor (being worn)
 Comestibles  ('%')
  e - a clove of garlic
  U - 3 fortune cookies
  f - 2 sprigs of wolfsbane
  D - 3 tripe rations
 Scrolls  ('?')
  s - a scroll of earth
  W - a scroll of genocide
  Z - 2 scrolls of light
  N - a scroll of remove curse
 Potions  ('!')
  h - a potion of healing
  S - a potion of object detection
  H - a blessed potion of speed
  d - 2 potions of holy water
 Rings    ('=')
  J - a ring of cold resistance
  I - a +2 ring of gain constitution
 Wands    ('/')
  B - a wand of enlightenment (0:12)
  O - a wand of stasis (0:5)
 Tools    ('(')
  X - a skeleton key
  G - a blessed tallow candle
  M - a towel
 Gems/Stones  ('*')
  L - an aquamarine stone named hard
  j - a worthless piece of yellow glass named soft

Eymerich the Priest's attributes:

Background:
 You were an Adept, a level 7 elven Priest.
 You were chaotic, on a mission for Poseidon
 who was opposed by Athena (lawful) and Hermes (neutral).
 You were right-handed.
 You were in the Dungeons of Doom, on level 8.
 You entered the dungeon 5264 turns ago.
 You had 753 experience points, 527 more were needed to attain level 8.

Basics:
 You had 0 out of 48 hit points.
 You had 125 out of 140 energy points (spell power).
 Your armor class was 2.
 Your wallet contained 365 zorkmids.
 Autopickup was off.

Final Characteristics:
 Your strength was 14 (limit:18).
 Your dexterity was 14 (limit:18).
 Your constitution was 12 (limit:16).
 Your intelligence was 8 (limit:20).
 Your wisdom was 20 (limit:20).
 Your charisma was 10 (limit:18).

Final Status:
 You weren't hungry.
 You were unencumbered.
 You were wielding a mace.
 You had basic skill with mace and could have enhanced that.

Final Attributes:
 You were piously aligned.
 You were sleep resistant.
 You were poison resistant.
 You were telepathic.
 You had infravision.
 You were warded.
 You were very fast.
 You are dead.

Miscellaneous:
 You didn't encounter any bones levels.
 Total elapsed playing time was 1 hour, 23 minutes and 26 seconds.

Major events:
 Turn
    1: Eymerich the chaotic elven Priest entered the dungeon
  586: attained the rank of Acolyte (level 3)
 3693: entered the Gnomish Mines
 4172: attained the rank of Adept (level 6)
 5264: killed by a dwarf lady

Spells:
 Name                 Level Category     Fail Retention
 light                  1   clerical       0%   71%-80%
 detect monsters        1   divination     0%   51%-75%
 healing                1   healing        0%  76%-100%

Skills:
 Fighting Skills
   bare handed combat [Unskilled]
 Weapon Skills
   club               [Basic]
   mace               [Basic]
   morning star       [Unskilled]
   flail              [Unskilled]
   hammer             [Unskilled]
   quarterstaff       [Unskilled]
   polearms           [Unskilled]
   spear              [Unskilled]
   trident            [Unskilled]
   lance              [Unskilled]
   bow                [Unskilled]
   sling              [Unskilled]
   crossbow           [Unskilled]
   dart               [Unskilled]
   shuriken           [Unskilled]
   boomerang          [Unskilled]
   unicorn horn       [Unskilled]
 Spellcasting Skills
   healing spells     [Unskilled]
   divination spells  [Unskilled]
   clerical spells    [Basic]

Voluntary challenges:
 Character rerolling was not enabled.
 You never genocided any monsters.
 You never polymorphed an object.
 You never changed form.
 You used no wishes.
Achievements:
 You entered a shop.
 You attained the rank of Acolyte.
 You entered the Gnomish Mines.
 You attained the rank of Adept.

 The Dungeons of Doom: levels 1 to 8
    Level 1: "vault"
    Level 2:
       An armor shop, some fountains.
    Level 3:
       A fountain, a sink.
    Level 4: "2 x locked box, 2 x locked chest"
       Stairs down to The Gnomish Mines.
    Level 5: "vault, box 3 items"
       A general store, a fountain.
    Level 6: "locked box"
    Level 7:
       Some fountains.
    Level 8: <- You were here.
       Many fountains.
       Final resting place for
          you, killed by a dwarf lady.
 The Gnomish Mines:
    Level 5:


Vanquished creatures:
  2 small mimics
  a wolf
 an iron piercer
  a chickatrice
  a dingo
  a jaguar
  2 rock piercers
  a pony
  2 fog clouds
  2 gnome leaders
  a black naga hatchling
  a guardian naga hatchling
  a gray ooze
  8 giant ants
  4 little dogs
  2 floating eyes
  2 homunculi
  3 rabid rats
  a centipede
  a monkey
  5 dwarf zombies
  a werejackal
  2 iguanas
  a hobbit
  3 hobgoblins
  a giant rat
  2 cave spiders
  2 yellow molds
  a green mold
  5 geckos
  8 jackals
  a fox
  a kobold
  3 goblins
  2 sewer rats
  6 grid bugs
  a lichen
  a kobold zombie
  6 newts
90 creatures vanquished.

No species were genocided or became extinct.

Game over:
                       ----------
                      /          \
                     /    REST    \
                    /      IN      \
                   /     PEACE      \
                  /                  \
                  |     Eymerich     |
                  |      365 Au      |
                  |   killed by a    |
                  |    dwarf lady    |
                  |                  |
                  |                  |
                  |       2026       |
                 *|     *  *  *      | *
        _________)/\\_//(\/(/\)/\//\/|_)_______

Goodbye Eymerich the Priest...

You died in The Dungeons of Doom on dungeon level 8 with 3795 points,
and 365 pieces of gold, after 5264 moves.
You were level 7 with a maximum of 48 hit points when you died.

